 Dungeon Crawl Stone Soup version 0.25-a0-294-gea9b1ad (webtiles) character file.

Game seed: 10383035411031199833, levelgen mode: deterministic

826 MrTaco21 the Basher (level 7, -2/41 HPs)
             Began as a Gargoyle Fighter on Dec 18, 2019.
             Was an Initiate of Gozag.
             Killed by divine providence
             ... invoked by an orc priest
              (15 damage)
             ... on level 4 of the Dungeon.
             The game lasted 00:13:32 (5213 turns).

MrTaco21 the Basher (Gargoyle Fighter)              Turns: 5213, Time: 00:13:32

Health: -2/41      AC: 17    Str: 21    XL:     7   Next: 96%
Magic:  7/7        EV:  3    Int:  9    God:    Gozag
Gold:   160        SH:  9    Dex:  9    Spells: 6/6 levels left

rFire    . . .     SeeInvis +   a - +0 flail
rCold    . . .     Gourm    .   c - +0 shield
rNeg     + . .     Faith    .   r - +0 plate armour
rPois    ∞         Spirit   .   (no helmet)
rElec    +         Reflect  .   (no cloak)
rCorr    .         Harm     .   g - +0 pair of gloves
MR       .....                  (no boots)
Stlth    ..........             (no amulet)
HPRegen  0.13/turn              z - ring of see invisible
MPRegen  0.10/turn              (no ring)

@: no status effects
A: negative energy resistance 1, electricity resistance, unbreathing,
petrification resistance, rot immunity, AC +4
a: Potion Petition, Call Merchant, Bribe Branch, Renounce Religion


You were on level 4 of the Dungeon.
You worshipped Gozag.
Gozag was aware of your devotion.
You were not hungry.

You visited 2 branches of the dungeon, and saw 5 of its levels.
You also visited: Sewer.

You collected 220 gold pieces.
You paid 60 gold pieces to Gozag.

Inventory:

Hand Weapons
 a - a +0 flail (weapon)
 k - the cursed +1 mace "Zucze" {elec, *Corrode *Slow Dex+8 Stlth+}
   (You took it off an orc on level 4 of the Dungeon)

   Occasionally, upon striking a foe, it will discharge some electrical energy
   and cause terrible harm.
   It affects your dexterity (+8).
   It may corrode you when you take damage.
   It may slow you when you take damage.
   It makes you more stealthy.
   It has a curse placed upon it.
Armour
 c - a +0 shield (worn)
 g - a +0 pair of gloves (worn)
   (You found it on level 2 of the Dungeon)
 r - a +0 plate armour (worn)
   (You found it on level 4 of the Dungeon)
Jewellery
 z - a ring of see invisible (left hand)
   (You found it on level 1 of the Dungeon)
Scrolls
 f - 2 scrolls of blinking {unknown}
 h - 4 scrolls of enchant armour {unknown}
 i - a scroll of magic mapping {unknown}
 j - 6 scrolls of identify {unknown}
 l - 6 scrolls of remove curse {unknown}
 m - a scroll of immolation {unknown}
 o - 2 scrolls of noise {unknown}
 p - a scroll of teleportation {unknown}
Potions
 b - 2 potions of haste {unknown}
 d - a potion of might
 n - a potion of ambrosia
 q - a potion of heal wounds {unknown}
Comestibles
 e - 7 rations {!d}


   Skills:
 - Level 3.2 Fighting
 + Level 8.9 Maces & Flails
 - Level 3.2 Armour
 - Level 3.2 Shields


You had 6 spell levels left.
You didn't know any spells.
Your spell library was empty.

Dungeon Overview and Level Annotations

Branches:
Dungeon (4/15)             Temple (1/1) D:4           Sewer (visited)

Altars:
Cheibriados
Dithmenos
Elyvilon
Fedhas
Gozag
Hepliaklqana
Makhleb
Nemelex Xobeh
Okawaru
Qazlal
Ru
Sif Muna
Trog
Wu Jian
Xom
Yredelemnul
Zin
The Shining One
Beogh

Shops:
D:4 [![

Annotations:
D:4 martinluther4's ghost, amateur DsCj


Innate Abilities, Weirdness & Mutations

You are resistant to torment.
Your stone body is resilient. (AC +4)
You are immune to poison.
You resist negative energy. (rN+)
You are resistant to electric shocks. (rElec)
You can survive without breathing.
You are immune to petrification.
You are immune to rotting.


Message History

You now have 160 gold pieces (gained 8).
k - the cursed +1 mace "Zucze" {elec, *Corrode *Slow Dex+8 Stlth+} You see here a +2 chain mail.
You see here a +0 hand axe.
You see here a +2 chain mail.
The orc hits you but does no damage.
You sock the orc!
You kill the orc!
Martinluther4's ghost hits you but does no damage.
Things that are here:
5 gold pieces; a +0 club You closely miss martinluther4's ghost.
Martinluther4's ghost points at you and mumbles some strange words.
The magic dart hits you.
You block martinluther4's ghost's attack.
The orc hits you but does no damage.
Martinluther4's ghost shrieks, "Do you think the gods will protect you?"
Martinluther4's ghost points at you and mumbles some strange words.
The magic dart hits you but does no damage.
Your shield and plate armour prevent you from hitting the orc.
The orc hits you but does no damage.
You bludgeon the orc!!
You kill the orc!
Martinluther4's ghost gestures at you while chanting.
The magic dart hits you but does no damage.
You closely miss martinluther4's ghost. Martinluther4's ghost hits you.
Martinluther4's ghost becomes distracted by the nearby gold, dreaming of imaginary riches.
The orc priest invokes the aid of Beogh against you.
Beogh smites you!
Martinluther4's ghost turns its malevolent gaze towards you.
The orc becomes distracted by the nearby gold, dreaming of imaginary riches.
The orc priest becomes distracted by the nearby gold, dreaming of imaginary riches.
Martinluther4's ghost is no longer distracted by gold.
The orc becomes distracted by the nearby gold, dreaming of imaginary riches.
The orc barely misses you.
You closely miss the orc.
The orc is no longer distracted by gold.
The orc priest mumbles some strange prayers to Beogh against you.
Beogh smites you!
* * * LOW HITPOINT WARNING * * *
You block the orc's attack.
The orc shouts!
The orc priest shouts!
The orc priest is no longer distracted by gold.
The orc is no longer distracted by gold.
Martinluther4's ghost casts a spell at you.
The magic dart hits you but does no damage.
The orc priest calls down the wrath of Beogh upon you.
Beogh smites you!
You die...
Your body crumbles into a pile of gold.

..$...8o###..≈≈≈≈≈.....##......#.
'######..o...≈≈.≈≈......#......#.
.$....####oo.≈≈≈≈≈...............
##....# #.o..≈≈≈........###..#..
..###.# ##..............####..#..
..#8#.###....W..........###.....#
......##.....#.##.......#.......#
[....8##.....).o..#............##
###.........@...............#
#....................#>......
###.....#.......)[##...........
#......##.......)<)#....##.....
###....#......##.#[#.........#.
#..#.......(..............#.#.
#.....##...........#.....##.#.
###..........##.##.........##...
#...........##...##.#..#.#......


You could see 2 orc priests, martinluther4's ghost and 3 orcs.

Vanquished Creatures
  Purgy (D:4)
  A sky beast (D:4)
  2 bullfrogs (Sewer)
  A crimson imp (D:2)
  An orc priest (D:4)
  A hound (D:4)
  2 orc wizards
  4 worker ants
  10 adders
  2 river rats (D:4)
  6 oozes (Sewer)
  A worm (D:4)
  12 leopard geckos
  8 orcs
  11 ball pythons
  10 giant cockroaches
  9 goblins
  12 hobgoblins
  4 jackals (D:3)
  10 bats
  20 frilled lizards
  4 kobolds
  A leopard gecko skeleton (D:4)
  5 rats
138 creatures vanquished.

Notes
Turn   | Place    | Note
-------+----------+-------------------------------------------
     0 | D:1      | MrTaco21 the Gargoyle Fighter began the quest for the Orb.
     0 | D:1      | Reached XP level 1. HP: 14/14 MP: 1/1
   182 | D:1      | Reached XP level 2. HP: 18/19 MP: 2/2
   286 | D:1      | Reached skill level 3 in Maces & Flails
   432 | D:1      | Reached XP level 3. HP: 23/23 MP: 3/3
   754 | D:2      | Reached skill level 4 in Maces & Flails
   754 | D:2      | Reached XP level 4. HP: 24/28 MP: 4/4
   879 | D:2      | Found a glowing golden altar of the Shining One.
   900 | D:2      | Found an ornate altar of the Wu Jian Council.
   901 | D:2      | Found a burning altar of Makhleb.
   901 | D:2      | Found a glowing silver altar of Zin.
   902 | D:2      | Found a hazy altar of Hepliaklqana.
   904 | D:2      | Found a sparkling altar of Nemelex Xobeh.
   906 | D:2      | Found a snail-covered altar of Cheibriados.
  1052 | D:2      | You fall into a shaft and drop 2 floors!
  1052 | D:4      | Found an opulent altar of Gozag.
  1066 | D:4      | Found a staircase to the Ecumenical Temple.
  1074 | D:4      | Found a glowing drain.
  1085 | D:4      | Reached skill level 5 in Maces & Flails
  1085 | D:4      | Reached XP level 5. HP: 28/32 MP: 5/5
  1303 | Sewer    | Entered a sewer
  1637 | Sewer    | Reached skill level 6 in Maces & Flails
  1640 | Sewer    | Reached XP level 6. HP: 15/37 MP: 6/6
  2071 | Sewer    | Reached skill level 7 in Maces & Flails
  2490 | D:4      | Found Ostushiu's Distillery.
  2589 | D:4      | Noticed a sky beast
  2893 | D:3      | Found a white marble altar of Elyvilon.
  3133 | D:3      | Reached XP level 7. HP: 41/41 MP: 7/7
  4023 | D:4      | Found Qufopsue's Armour Emporium.
  4105 | D:4      | Noticed Purgy
  4133 | D:4      | Killed Purgy
  4133 | D:4      | Reached skill level 8 in Maces & Flails
  4526 | D:4      | Found a runed translucent gate.
  4526 | D:4      | Noticed martinluther4's ghost (amateur DsCj)
  4527 | D:4      | Found a runed translucent gate.
  4528 | D:4      | Found a runed translucent gate.
  4531 | D:4      | Identified the cursed +1 mace "Zucze" {elec, *Corrode *Slow
                  | Dex+8 Stlth+}
  4533 | D:4      | Found a roughly hewn altar of Beogh.
  4571 | D:4      | Found Liamezea's Armour Shop.
  4835 | Temple   | Entered the Ecumenical Temple
  5092 | D:4      | Became a worshipper of Gozag Ym Sagoz the Greedy
  5213 | D:4      | Killed from afar by an orc priest

Levels and vault maps discovered:
D:1:      minmay_arrival_solitary_statue, layout_rooms
D:2:      layout_loops_ring, minitemple, first_ration, chequers_arboretum
D:3:      layout_basic, lemuel_crystal_altar
D:4:      layout_cave_pools, lemuel_round_altar, minmay_temple_entry_overgrown,
          portal_sewer_entry_a, serial_shops, shop, shop, shop,
          biasface_ghost_orc_armoury, uniq_purgy
Temple:   compressed_dpeg_triangle_lava_temple

Skill      XL: |  1  2  3  4  5  6  7 |
---------------+----------------------+-----
Maces & Flails | 3 4 5 6 7 8 |  8.9
Fighting       | |  3.2
Armour         | |  3.2
Shields        | |  3.2

Action                   |  1- 3 |  4- 6 |  7- 9 || total
-------------------------+-------+-------+-------++-------
Melee: Flail             |   133 |   379 |   156 ||   668
  Use: Potion            |       |     5 |       ||     5
  Eat: Chunk             |       |     5 |     5 ||    10
       Ration            |       |     1 |     1 ||     2
Armor: Scale mail        |    60 |       |       ||    60
       Chain mail        |    27 |    32 |       ||    59
       Plate armour      |       |   297 |   138 ||   435
       Skin              |       |    45 |       ||    45
Dodge: Dodged            |    43 |    93 |    28 ||   164
Block: Shield            |    70 |   242 |    78 ||   390

Table legend:
 A = Non-vault XP
 B = Vault XP
 C = Vault XP percentage of total XP
 D = Non-vault monster count
 E = Vault monster count
 F = Vault count percentage of total count
                 A         B        C        D         E       F
            +---------+---------+-------+---------+---------+-------
      Total |     638 |     543 |  46.0 |      75 |      63 |  45.7
            +---------+---------+-------+---------+---------+-------
        D:1 |      40 |       0 |   0.0 |      22 |       0 |   0.0
        D:2 |      85 |       0 |   0.0 |      13 |       0 |   0.0
        D:3 |     147 |       0 |   0.0 |      28 |       0 |   0.0
        D:4 |     366 |     183 |  33.3 |      12 |      12 |  50.0
      Sewer |       0 |     360 | 100.0 |       0 |      51 | 100.0
            +---------+---------+-------+---------+---------+-------
